 Dungeon Crawl Stone Soup version 0.22-a0-407-gb098539 (webtiles) character file.

134 Gorglomux the Skirmisher (level 4, -6/28 HPs)
             Began as a Deep Elf Fighter on May 9, 2018.
             Mangled by an ogre
             ... wielding a +0 giant club
              (19 damage)
             ... on level 4 of the Dungeon.
             The game lasted 00:03:38 (3852 turns).

Gorglomux the Skirmisher (Deep Elf Fighter)         Turns: 3852, Time: 00:03:40

Health: -6/28      AC:  5    Str: 14    XL:     4   Next: 95%
Magic:  6/6        EV:  7    Int: 13    God:
Gold:   185        SH:  8    Dex: 14    Spells: 3/3 levels left

rFire    . . .     SeeInvis .   a - +0 war axe
rCold    . . .     Gourm    .   c - +0 shield
rNeg     . . .     Faith    .   h - +0 ring mail (curse)
rPois    .         Spirit   .   (no helmet)
rElec    .         Reflect  .   (no cloak)
rCorr    .         Harm     .   (no gloves)
MR       +....                  (no boots)
Stlth    +.........             (no amulet)
HPRegen  0.09/turn              m - ring of protection from magic
MPRegen  0.10/turn              (no ring)

@: no status effects
A: no striking features
a: no special abilities


You were on level 4 of the Dungeon.
You were not hungry.

You visited 1 branch of the dungeon, and saw 4 of its levels.

You collected 185 gold pieces.

Inventory:

Hand Weapons
 a - a +0 war axe (weapon)
 u - a +1 dagger of flaming
Missiles
 y - 10 tomahawks (quivered)
Armour
 b - a +0 scale mail
 c - a +0 shield (worn)
 h - a cursed +0 ring mail (worn)
Jewellery
 m - a ring of protection from magic (left hand)
 t - an uncursed amulet of rage {unknown}
 w - a cursed ring of loudness {unknown}
Scrolls
 i - 2 scrolls of amnesia {unknown}
 j - 2 scrolls of teleportation {unknown}
 k - 3 scrolls of identify {unknown}
 o - 3 scrolls of enchant weapon {unknown}
 r - 4 scrolls of noise {unknown}
 z - 2 scrolls of remove curse {unknown}
 A - a scroll of enchant armour {unknown}
Potions
 d - 2 potions of might
 l - a potion of resistance
 x - a potion of heal wounds
 C - a potion of haste {unknown}
Comestibles
 f - 4 rations


   Skills:
 + Level 3.2 Fighting
 + Level 2.4 Axes
 + Level 3.1 Armour
 + Level 3.1 Shields


You had 3 spell levels left.
You didn't know any spells.

Dungeon Overview and Level Annotations

Branches:
Dungeon (4/15)
 Temple: D:4-7

Altars:
Ashenzari
Fedhas
Gozag
Zin


Message History

Eating a chunk of flesh!
You eat the chunk of flesh!
This raw flesh tastes butt!
An ogre comes into view! It is wielding a giant club!
The ogre butts!!!
The ogre moves out of view!
The ogre is too close now for your liking!
Unknown command!
An ogre is nearby!!!
An ogre is nearby!!!
The ogre completely misses you!
An ogre butts nearby!!!
The ogre hits you with a giant club!!!!!!
DANG; * * * don't die
* * * A bullfrog skeleton comes into view!
There is a stone staircase butt up here!
There butts a stone staircase leading up here!
There is a stone staircase leading up here!
The ogre hits you with a giant club!!!!!!
BUTT rip

#.... ... #.### Z.. #.# #.# #.#
#.# #.# . #.# #########.# ...
#.# #....Z..#.# ##..##
#.##########.#####.#.#
#.....####......@OZ...........#
#..........#.########.#####.###
.#...##...#..# #.#####.#
..#..##..#...# #...Z...#
...#....#)...# #########
....#..#.....# .##..##..##.##
.##..##..##.# ....#..#....#


You could see an ogre and a bullfrog skeleton.

Vanquished Creatures
  4 adders
  An ooze (D:4)
  3 worms (D:2)
  2 dart slugs
  A leopard gecko (D:3)
  6 orcs
  6 bats
  4 giant cockroaches
  7 goblins
  10 hobgoblins
  6 jackals (D:1)
  A quokka (D:3)
  5 frilled lizards
  6 kobolds
  7 rats
69 creatures vanquished.

Vanquished Creatures (others)
  A goblin (D:2)
1 creature vanquished.

Grand Total: 70 creatures vanquished

Notes
Turn   | Place    | Note
-------+----------+-------------------------------------------
     0 | D:1      | Gorglomux the Deep Elf Fighter began the quest for the Orb.
     0 | D:1      | Reached XP level 1. HP: 13/13 MP: 3/3
   369 | D:1      | Reached XP level 2. HP: 14/18 MP: 4/4
  1086 | D:2      | Found a blossoming altar of Fedhas.
  1117 | D:2      | Reached XP level 3. HP: 21/22 MP: 5/5
  2330 | D:2      | Reached XP level 4. HP: 27/27 MP: 6/6
  2450 | D:2      | Reached skill level 3 in Fighting
  2712 | D:3      | Reached skill level 3 in Armour
  2712 | D:3      | Reached skill level 3 in Shields
  3460 | D:3      | Found a shattered altar of Ashenzari.
  3670 | D:4      | Found a glowing silver altar of Zin.
  3671 | D:4      | Found an opulent altar of Gozag.
  3757 | D:4      | Noticed an ogre
  3852 | D:4      | Mangled by an ogre

Vault maps used:
D:1:      dpeg_arrival_pond
D:2:      lemuel_coloured_pillars_altar, kennysheep_generic_room_13
D:3:      lemuel_crystal_altar, kennysheep_generic_room_11
D:4:      grunt_temple_overflow_gold_and_silver, lightli_temple_of_fire,
          minivault_26

Skill      XL: |  1  2  3  4 |
---------------+-------------+-----
Axes           | 2 |  2.4
Fighting       | 3 |  3.2
Armour         | 3 |  3.1
Shields        | 3 |  3.1

Action                   |  1- 3 |  4- 6 || total
-------------------------+-------+-------++-------
Melee: War axe           |   116 |   120 ||   236
       Dagger            |    24 |       ||    24
Throw: Tomahawk          |     2 |       ||     2
  Use: Potion            |     3 |     2 ||     5
  Eat: Chunk             |     4 |     6 ||    10
Armor: Scale mail        |    26 |       ||    26
       Ring mail         |    27 |    40 ||    67
Dodge: Dodged            |    44 |    38 ||    82
Block: Shield            |    72 |    69 ||   141

Table legend:
 A = Spawn XP
 B = Non-spawn XP
 C = Spawn XP percentage of total XP
 D = Spawn monster count
 E = Non-spawn monster count
 F = Spawn count percentage of total count
 G = Total turns spent on level
                    A         B        C        D         E        F      G
               +---------+---------+-------+---------+---------+-------+---------
         Total |       0 |     192 |   0.0 |       0 |      70 |   0.0 |  3852
               +---------+---------+-------+---------+---------+-------+---------
           D:1 |       0 |      33 |   0.0 |       0 |      20 |   0.0 |  1616
           D:2 |       0 |      73 |   0.0 |       0 |      23 |   0.0 |   996
           D:3 |       0 |      76 |   0.0 |       0 |      25 |   0.0 |  1012
           D:4 |       0 |      10 |   0.0 |       0 |       2 |   0.0 |   228
               +---------+---------+-------+---------+---------+-------+---------
